 Dungeon Crawl Stone Soup version 0.17-a0-1534-gf98da79 (webtiles) character file.

76 Malachi the Ruffian (level 4, -4/35 (37) HPs)
             Began as a Ghoul Gladiator on July 17, 2015.
             Slain by a hungry ghost (5 damage)
             ... on level 3 of the Dungeon.
             The game lasted 00:01:54 (1846 turns).

Malachi the Ruffian (Ghoul Gladiator)               Turns: 1846, Time: 00:01:55

HP:   -4/35 (37)    AC:  4    Str: 19    XL:     4   Next: 32%
MP:   3/3           EV: 12    Int:  3    God:
Gold: 68            SH:  0    Dex:  9    Spells: 0 memorised, 3 levels left

rFire  . . .     SeeInvis .       - Unarmed
rCold  + . .     Clarity  .     a - +0 leather armour
rNeg   + + +     SustAt   .     (no shield)
rPois  ∞         Gourm    .     b - +0 helmet
rElec  .         Spirit   .     (no cloak)
rCorr  .         Warding  .     (no gloves)
rMut   .         Stasis   .     (no boots)
MR     +....                    (no amulet)
Stlth  ++........               g - ring of protection from magic
                                f - ring of stealth

@: rotting, somewhat resistant to hostile enchantments, unstealthy
A: rotting body, claws 1, carnivore 3, cold resistance 1, negative energy
resistance 3, slow healing 1, torment resistance, unbreathing
a: no special abilities


You were on level 3 of the Dungeon.
You were hungry.

You visited 1 branch of the dungeon, and saw 3 of its levels.

You collected 68 gold pieces.

Inventory:

Missiles
 c - 4 throwing nets (quivered)
Armour
 a - a +0 leather armour (worn)
 b - a +0 helmet (worn)
Jewellery
 f - a ring of stealth (left claw)
 g - a ring of protection from magic (right claw)
Magical devices
 s - a wand of polymorph (12)
Scrolls
 e - a scroll of blinking {unknown}
 i - a scroll of amnesia {unknown}
 j - a scroll of magic mapping {unknown}
 k - a scroll of fog {unknown}
 n - 4 scrolls of identify {unknown}
 o - 2 scrolls of remove curse {unknown}
 p - 2 scrolls of teleportation {unknown}
Potions
 l - a potion of brilliance {unknown}
 m - a potion of invisibility {unknown}
 q - 2 potions of curing {unknown}
Books
 r - a book of Party Tricks

   Spells                             Type                      Level
   a - Summon Butterflies             Summoning                    1
   b - Apportation                    Translocation                1
   c - Tukima's Dance                 Hexes                        3
   d - Alistair's Intoxication        Transmutation/Poison         4
   e - Invisibility                   Hexes                        6
Comestibles
 d - 2 meat rations
 h - a slice of pizza


   Skills:
 + Level 2.5 Fighting
 + Level 2.1 Throwing
 + Level 0.5 Armour
 + Level 3.5 Dodging
 + Level 1.0 Stealth
 + Level 4.0 Unarmed Combat


You had 3 spell levels left.
You didn't know any spells.

Dungeon Overview and Level Annotations

Branches:
Dungeon (3/15)

Altars:
Gozag
Okawaru


Innate Abilities, Weirdness & Mutations

Your body is rotting away.
You thrive on raw meat.
You are immune to poison.
You have sharp fingernails.
You are carnivorous and can eat meat at any time.
Your flesh is cold resistant.
You are immune to negative energy.
You heal slowly when monsters are visible.
You are immune to unholy pain and torment.
You can survive without breathing.


Message History

* * * LOW HITPOINT WARNING * * *
The bat misses you. The giant newt misses you.
The hungry ghost hits you but does no damage.
You scratch the hungry ghost.
The hungry ghost is almost destroyed.
The bat hits you but does no damage. The giant newt barely misses you.
The hungry ghost hits you.
* * * LOW HITPOINT WARNING * * *
You miss the hungry ghost.
The hungry ghost is almost destroyed.
The bat barely misses you. The giant newt closely misses you.
The hungry ghost hits you.
* * * LOW HITPOINT WARNING * * *
You scratch the hungry ghost.
The hungry ghost is almost destroyed.
The bat hits you.
* * * LOW HITPOINT WARNING * * *
The giant newt bites you but does no damage.
The hungry ghost hits you.
You die...

.#....
...♣.♣#♣..
######.........#
...#.......#....
................
................
.......>.......
#..l.....##
#..W@b....#
#....<.#....
#..$..## ...
#.#.### . .....
...... .....#.
....##. ..#


You could see a hungry ghost, a bat and a giant newt.

Vanquished Creatures
  Ijyb (D:2)
  2 adders
  A ball python (D:2)
  A giant cockroach (D:1)
  4 hobgoblins
  7 bats
  2 giant newts (D:1)
  2 goblins
  6 kobolds
  10 rats
36 creatures vanquished.

Notes
Turn   | Place    | Note
--------------------------------------------------------------
     0 | D:1      | Malachi the Ghoul Gladiator began the quest for the Orb.
     0 | D:1      | Reached XP level 1. HP: 17/17 MP: 0/0
   363 | D:1      | Reached XP level 2. HP: 21/24 MP: 1/1
   785 | D:2      | Noticed Ijyb
   798 | D:2      | Killed Ijyb
   798 | D:2      | Reached XP level 3. HP: 20/29 MP: 2/2
   887 | D:2      | Found an opulent altar of Gozag.
   976 | D:2      | Found an iron altar of Okawaru.
  1447 | D:2      | Reached skill level 4 in Unarmed Combat
  1447 | D:2      | Reached XP level 4. HP: 17/34 MP: 3/3
  1817 | D:3      | Noticed a hungry ghost
  1826 | D:3      | Reached skill level 1 in Stealth
  1845 | D:3      | HP: 1/35 [hungry ghost (2)]
  1846 | D:3      | Slain by a hungry ghost

Vault maps used:
D:1:      dpeg_arrival_erosion, kennysheep_decorative_pillar,
          serial_bayou_pond_e
D:2:      nicolae_overflow_crystal_walls, nicolae_gozag_seed_capital, uniq_iyjb
D:3:      hangedman_ru_absence, grunt_temple_overflow_diamond, serial_forest,
          infiniplex_forest_straight_2, infiniplex_forest_end_1,
          infiniplex_forest_lined_1, infiniplex_forest_lined_3,
          infiniplex_forest_lined_1, infiniplex_forest_clump_tiny,
          infiniplex_forest_clump_small, infiniplex_forest_lined_corner,
          infiniplex_forest_straight_3, infiniplex_forest_clump_tiny

Action                   |  1- 3 |  4- 6 || total
-------------------------+-------+-------++-------
Melee: Unarmed           |    96 |    26 ||   122
 Stab: Sleeping          |     3 |       ||     3
  Eat: Chunk             |     1 |     1 ||     2
